 Dungeon Crawl Stone Soup version 0.31.0 (webtiles) character file.

Game seed: 5427030652472005751

99 shmup the Firebug (level 4, -9/24 HPs)
             Began as a Gargoyle Fire Elementalist on Jan 19, 2024.
             Killed by divine providence
             ... invoked by an orc priest
              (16 damage)
             ... on level 3 of the Dungeon.
             The game lasted 00:10:49 (2705 turns).

shmup the Firebug (Gargoyle Fire Elementalist)      Turns: 2705, Time: 00:10:49

Health: -9/24      AC:  8    Str: 11    XL:     4   Next: 72%
Magic:  0/7        EV: 11    Int: 18    God:
Gold:   97         SH:  0    Dex: 10    Spells: 4/7 levels left

rFire   . . .        h - +0 dagger
rCold   . . .        (no shield)
rNeg    + . .        a - +0 robe
rPois   inf          d - +0 helmet
rElec   +            (no cloak)
rCorr   .            c - +0 pair of gloves
SInv    .            g - +0 pair of boots
Will    .....        (no amulet)
Stlth   ++           (no ring)
HPRegen 0.24/turn    (no ring)
MPRegen 0.10/turn

%: no passive effects
@: no status effects
A: sickness immunity, AC +3, negative energy resistance 1, electricity
resistance, torment resistance 1, petrification resistance
a: no special abilities


You were on level 3 of the Dungeon.
You visited 1 branch of the dungeon, and saw 3 of its levels.

You collected 97 gold pieces.

Inventory:

Hand Weapons
 h - a +0 dagger (weapon)
 l - a +0 hand axe
Missiles
 e - 9 stones (quivered)
Armour
 a - a +0 robe (worn)
 c - a +0 pair of gloves (worn)
 d - a +0 helmet (worn)
 g - a +0 pair of boots (worn)
Magical Staves
 f - a staff of death
Talismans
 i - a maw talisman
Scrolls
 m - a scroll of immolation
 n - a scroll of amnesia
 p - a scroll of fog {unknown}
Potions
 b - a potion of magic
 j - 2 potions of heal wounds
 k - 2 potions of curing {unknown}
 o - a potion of degeneration {unknown}


   Skills:
 + Level 0.8 Fighting
 - Level 1.5 Dodging
 - Level 2.1 Stealth
 + Level 2.2 Spellcasting
 - Level 1.1 Conjurations
 - Level 5.0 Fire Magic


You had 4 spell levels left.
You knew the following spells:

 Your Spells              Type           Power      Damage    Failure   Level
a - Foxfire               Conj/Fire      52%        2x1d6     4%          1
b - Scorch                Fire           40%        2d6       3%          2

Your spell library contained the following spells:

 Spells                   Type           Power      Damage    Failure   Level
 Sandblast                Erth           2%         2d4       19%         1
 Inner Flame              Hex/Fire       11%        N/A       19%         3
 Volatile Blastmotes      Fire/Tloc      22%        2d11      19%         3
 Momentum Strike          Conj/Tloc      6%         3d8       22%         2
 Blink                    Tloc           2%         N/A       26%         2
 Lesser Beckoning         Tloc           2%         N/A       26%         2
 Stone Arrow              Conj/Erth      6%         3d7       38%         3
 Flame Wave               Conj/Fire      13%        2d6       45%         4
 Passwall                 Erth           1%         N/A       47%         3
 Brom's Barrelling Bould  Conj/Erth      3%         2d3       80%         4
 Summon Forest            Summ/Tloc      0%         N/A       99%         5
 Eringya's Noxious Bog    Alch           0%         4d6       100%        6
 Summon Hydra             Summ           0%         N/A       100%        7


Dungeon Overview and Level Annotations

Branches:
Dungeon (3/15) Zot: 15286

Altars:

Shops:
D:1 (


Innate Abilities, Weirdness & Mutations

You are immune to sickness and miasma.
Your stone body is resilient. (AC +3)
You are immune to poison.
You resist negative energy. (rN+)
You are resistant to electric shocks. (rElec)
You are resistant to unholy torment.
You are immune to petrification.


Message History

Your foxfire dissipates!
The orc throws a stone.
The stone closely misses you.
The orc throws a stone.
The stone hits you but does no damage. The orc barely misses you.
The orc hits you with a +0 short sword.
You hit the orc.
The orc is severely wounded.
The orc misses you.
You barely miss the orc.
The orc is severely wounded.
The orc completely misses you.
You hit the orc.
You kill the orc!
Casting: Foxfire (safe; 4% risk of failure)
Confirm with . or Enter, or press ? or * to list all spells.
Flames lash the orc priest but do no damage.
The orc priest shouts!
The orc priest looks satisfied for a moment.
Casting: Scorch (safe; 3% risk of failure)
Confirm with . or Enter, or press ? or * to list all spells.
Flames lash the orc priest.
The orc priest is moderately wounded.
The orc priest's fire resistance burns away.
The orc priest mumbles some strange prayers to Beogh against you.
You are unaffected.
Casting: Scorch (safe; 3% risk of failure)
Confirm with . or Enter, or press ? or * to list all spells.
Flames lash the orc priest.
The orc priest is burned terribly!
The orc priest is heavily wounded.
The orc priest mumbles some strange prayers to Beogh against you.
Beogh smites you!
Ouch! That really hurt!
* * * LOW HITPOINT WARNING * * *
Casting: Scorch (safe; 3% risk of failure)
Confirm with . or Enter, or press ? or * to list all spells.
You conjure some foxfire!
The orc priest mumbles some strange prayers to Beogh against you.
Beogh smites you!
Ouch! That really hurt!
You die...

▒.....▒▒▒..........
▒....<▒ ▒.....▒▒▒▒▒
▒▒▒...▒▒▒.▒▒▒.▒▒ ▒
..▒▒▒▒▒.▒▒▒▒..▒ ▒..▒▒▒▒
▒............▒▒ ▒▒...▒.
.o.)#.........▒ ▒▒▒▒...
...#▒▒▒.▒.▒▒▒.▒▒▒......
▒▒▒ ▒▒o▒........<▒▒▒.▒
..▒▒▒▒▒▒9.▒▒▒▒▒▒▒%...▒▒.▒
.......vv▒▒▒▒▒▒▒▒.▒.%...▒
..................▒....▒▒
...▒▒...........▒▒▒▒.....
. ▒▒..........▒ ▒.▒▒▒▒
▒..........▒ ▒.▒
▒..........▒▒▒▒.▒
...........▒.)..▒
▒...........)▒▒▒▒


You could see an orc priest (combustible, ally target).

Vanquished Creatures
  An orc wizard (D:3)
  An adder (D:2)
  2 dart slugs
  5 orcs (D:3)
  9 ball pythons
  9 bats
  3 endoplasms
  3 giant cockroaches
  2 hobgoblins
  3 jackals (D:3)
  3 kobolds
  3 quokkas
  3 frilled lizards (D:3)
  3 goblins
  3 rats
53 creatures vanquished.

Vanquished Creatures (collateral kills)
  A foxfire (D:1)
1 creature vanquished.

Vanquished Creatures (others)
  114 foxfires
114 creatures vanquished.

Grand Total: 168 creatures vanquished

Notes
Turn   | Place    | Note
-------+----------+-------------------------------------------
     0 | D:1      | shmup the Gargoyle Fire Elementalist began the quest for
                  | the Orb.
     0 | D:1      | Reached XP level 1. HP: 10/10 MP: 3/3
   268 | D:1      | Reached XP level 2. HP: 15/15 MP: 1/5
   657 | D:1      | Found Fidikh's Weapon Shop.
   717 | D:1      | Reached skill level 4 in Fire Magic
  1315 | D:2      | Reached XP level 3. HP: 16/19 MP: 3/6
  1460 | D:2      | Learned a level 2 spell: Scorch
  2240 | D:3      | Reached XP level 4. HP: 24/24 MP: 2/7
  2322 | D:3      | Reached skill level 5 in Fire Magic
  2705 | D:3      | Killed from afar by an orc priest

Illustrated notes

Levels and vault maps discovered:
D:1:      psy_arrival_conway, layout_rooms, serial_co_window_serial,
          co_window_corner_a, co_window_of_opportunity_a, co_window_corner_a,
          co_window_of_opportunity_a, co_window_corner_a, co_window_corner_a,
          co_window_paths_a, co_window_corner_cb, co_window_unsneaky_path_a,
          co_window_unsneaky_path_a, co_window_unsneaky_path_a,
          co_window_of_opportunity_b, co_window_cross_4,
          co_window_of_opportunity_b, serial_shops,
          nicolae_shop_bloodbath_and_beyond
D:2:      layout_loops_ring
D:3:      layout_rooms, demons_altar, slow_altar_2, minivault_4, uniq_jessica

Skill      XL: |  1  2  3  4 |
---------------+-------------+-----
Fire Magic     | 4 5 |  5.0
Fighting       | |  0.8
Dodging        | |  1.5
Stealth        | |  2.1
Spellcasting   | |  2.2
Conjurations   | |  1.1

Action                     |  1- 3 |  4- 6 || total
---------------------------+-------+-------++-------
  Melee: Unarmed           |    13 |       ||    13
         Dagger            |    19 |     9 ||    28
         Punch             |     1 |       ||     1
   Cast: Foxfire           |    58 |    16 ||    74
         Scorch            |     2 |     6 ||     8
    Use: Scroll            |     2 |     1 ||     3
 Armour: Robe              |    50 |    10 ||    60
  Dodge: Dodged            |    39 |     8 ||    47
